 Dungeon Crawl Stone Soup version 0.22.1-1-ga44c0e5 (webtiles) character file.

3949 dvd the Shield-Bearer (level 10, -8/63 HPs)
             Began as an Octopode Fire Elementalist on Oct 4, 2018.
             Was a Believer of Vehumet.
             Shot with an arrow by a centaur warrior (19 damage)
             ... on level 8 of the Dungeon.
             The game lasted 00:26:57 (11395 turns).

dvd the Shield-Bearer (Octopode Fire Elementalist) Turns: 11395, Time: 00:26:58

Health: -8/63      AC:  1    Str:  7    XL:     10   Next: 21%
Magic:  16/18      EV: 16    Int: 20    God:    Vehumet [**....]
Gold:   131        SH: 13    Dex: 18    Spells: 12/20 levels left

rFire    + . .     SeeInvis +   p - +1 flail (holy)
rCold    . . .     Gourm    .   A - +4 shield of the Barber Surgeon {Dex+4}
rNeg     . . .     Faith    .   (helmet restricted)
rPois    +         Spirit   .   (no amulet)
rElec    .         Reflect  .   j - ring of see invisible
rCorr    .         Harm     .   f - ring of protection from fire
MR       .....                  y - +2 ring of evasion
Stlth    ++++......             C - ring of poison resistance
HPRegen  0.20/turn              (no ring)
MPRegen  0.16/turn              (no ring)
                                (no ring)
                                (no ring)

@: no status effects
A: almost no armour, stealthy swim, amphibious, 8 rings, constrict 8, camouflage
1, gelatinous body 1
a: Renounce Religion


You were on level 8 of the Dungeon.
You worshipped Vehumet.
Vehumet was pleased with you.
You were not hungry.

You visited 2 branches of the dungeon, and saw 9 of its levels.

You collected 391 gold pieces.
You spent 260 gold pieces at shops.

Inventory:

Hand Weapons
 c - a +1 dagger of venom
 p - a +1 flail of holy wrath (weapon)
 F - a +2 hand axe of chopping
Missiles
 w - 9 tomahawks (quivered)
Armour
 n - a +1 shield of reflection
 A - the +4 shield of the Barber Surgeon (worn) {Dex+4}
   (You found it on level 6 of the Dungeon)

   It affects your dexterity (+4).
Jewellery
 f - a ring of protection from fire (right tentacle)
 j - a ring of see invisible (left tentacle)
 y - a +2 ring of evasion (on tentacle)
 C - a ring of poison resistance (on tentacle)
Wands
 v - a wand of iceblast (4)
 B - a wand of paralysis (16)
 D - a wand of acid (10)
Scrolls
 a - a scroll of teleportation
 g - 5 scrolls of remove curse
 i - 2 scrolls of amnesia
 k - 3 scrolls of immolation {unknown}
 l - 2 scrolls of enchant armour {unknown}
 m - 3 scrolls of fear {unknown}
 o - 4 scrolls of identify
 r - a scroll of random uselessness {unknown}
 t - a scroll of magic mapping {unknown}
Potions
 d - a potion of curing
 e - a potion of heal wounds
 h - a potion of ambrosia
 q - 3 potions of mutation {unknown}
 s - a potion of lignification {unknown}
 u - a potion of degeneration {unknown}
 x - a potion of flight {unknown}
 z - a potion of haste
 E - a potion of cancellation {unknown}
Comestibles
 b - 23 rations
 G - 3 chunks of flesh


   Skills:
 + Level 3.4 Fighting
 + Level 0.4 Short Blades
 + Level 0.5(3.0) Axes
 + Level 4.8 Maces & Flails
 + Level 4.6 Dodging
 + Level 5.7 Stealth
 * Level 6.4 Shields
 + Level 5.9 Spellcasting
 + Level 5.0 Conjurations
 + Level 6.1 Fire Magic
 + Level 0.7 Air Magic
 + Level 0.1 Evocations


You had 12 spell levels left.
You knew the following spells:

 Your Spells              Type           Power        Failure   Level  Hunger
a - Flame Tongue          Conj/Fire      ####.        3%          1    None
b - Throw Flame           Conj/Fire      ####..       4%          2    None
c - Sticky Flame          Conj/Fire      ####....     32%         4    ####...
d - Shock                 Conj/Air       ###.         10%         1    None

Your spell library contained the following spells:

 Spells                   Type           Power        Failure   Level  Hunger
 Throw Frost              Conj/Ice       ###...       17%         2    None
 Conjure Flame            Conj/Fire      ####....     10%         3    ##.....
 Inner Flame              Hex/Fire       ###.....     26%         3    ##.....
 Animate Skeleton         Necr           N/A          32%         1    None
 Apportation              Tloc           #.....       32%         1    None
 Confusing Touch          Hex            #.....       32%         1    None
 Summon Small Mammal      Summ           #...         32%         1    None
 Fireball                 Conj/Fire      ####......   65%         5    #####..


Dungeon Overview and Level Annotations

Branches:
Dungeon (8/15)             Temple (1/1) D:4
   Lair: D:8-11

Altars:
Ashenzari
Cheibriados
Elyvilon
Fedhas
Gozag
Hepliaklqana
Kikubaaqudgha
Makhleb
Nemelex Xobeh
Okawaru
Qazlal
Ru
Sif Muna
Trog
Uskayaw
Vehumet
Wu Jian
Xom
Zin
Jiyva

Shops:
D:2 *   D:4 }   D:5 *(


Innate Abilities, Weirdness & Mutations

You cannot wear most types of armour.
You are very stealthy in the water. (Stealth+)
You are amphibious.
You can wear up to eight rings at the same time.
You can use your tentacles to constrict eight enemies at once.
Your skin changes colour to match your surroundings (Stealth+).
Your rubbery body absorbs attacks. (AC +1, EV +1)


Message History

The magic dart hits you!
* * * LOW HITPOINT WARNING * * *
The orc completely misses you.
The crimson imp shouts, "Get thee gone, thou mangled onion-eyed reprobate!"
You block the orc's attack.
The crimson imp blinks!
The orc wizard casts a spell.
The orc wizard blinks!
The orc throws a stone.
You block the stone. The howler monkey hits you.
* * * LOW HITPOINT WARNING * * *
Unknown command.
Your surroundings suddenly seem different.
Unknown command.
The centaur warrior shoots an arrow.
You block the arrow.
You see here an arrow.
Unknown command.
The centaur warrior shoots an arrow.
The arrow barely misses you.
You see here an arrow.
The centaur warrior shoots an arrow.
The arrow hits you!!
You die...

.....# ####### ##... .....#
##.....## ##..#. ..o.##
#.......## ##..##.
...(######........## ##..####
....(....c.........#######.###
# ...######..(........(((...##
# ...# #...(.........###...###
# ...#
#.....(......####.#...####
..## #........@<###
#..#....<## .# ##.......####
#..##...... . #......###
#.###...... #..##### ##.#
#...... #### #..# #...... #..#
#..<... #.## ##..... #.#
#....( ### ###...


You could see a centaur warrior.

Vanquished Creatures
  A two-headed ogre (D:8)
  Grinder (D:6)
  A hornet (D:8)
  A spriggan (D:7)
  A wyvern (D:8)
  A hungry ghost (D:7)
  Duvessa (D:7)
  2 water moccasins
  An orc warrior (D:6)
  An ogre (D:5)
  2 centaurs (D:5)
  4 bullfrogs
  Dowan (D:7)
  A water moccasin skeleton (D:8)
  A scorpion (D:5)
  3 wights
  A howler monkey (D:7)
  5 crimson imps
  A bullfrog zombie (D:6)
  3 hounds
  2 jellies
  4 orc priests
  An iguana (D:6)
  4 orc wizards
  A killer bee zombie (D:7)
  7 worker ants
  12 gnolls
  20 adders
  A shadow imp (D:5)
  5 oozes
  2 adder zombies (D:5)
  2 adder skeletons
  4 worms
  A dart slug (D:5)
  7 leopard geckos
  20 orcs
  9 giant cockroaches
  9 goblins
  13 hobgoblins
  13 jackals
  5 kobolds
  4 quokkas
  4 ball pythons
  7 bats
  6 frilled lizards
  3 rats
199 creatures vanquished.

Notes
Turn   | Place    | Note
-------+----------+-------------------------------------------
     0 | D:1      | dvd the Octopode Fire Elementalist began the quest for the
                  | Orb.
     0 | D:1      | Reached XP level 1. HP: 11/11 MP: 3/3
   310 | D:1      | Reached XP level 2. HP: 14/17 MP: 5/5
   347 | D:1      | Learned a level 2 spell: Throw Flame
   665 | D:1      | Reached XP level 3. HP: 21/21 MP: 3/6
  1565 | D:2      | Reached XP level 4. HP: 24/27 MP: 2/7
  2081 | D:2      | Found Gozag's Platinum Reserve.
  2084 | D:2      | Found an opulent altar of Gozag.
  2374 | D:2      | Reached XP level 5. HP: 16/32 MP: 3/9
  2577 | D:3      | Learned a level 4 spell: Sticky Flame
  3257 | D:3      | Found a white marble altar of Elyvilon.
  3531 | D:3      | Found a burning altar of Makhleb.
  3541 | D:3      | Reached skill level 1 in Maces & Flails
  3541 | D:3      | Reached skill level 1 in Shields
  3837 | D:4      | Reached XP level 6. HP: 24/37 MP: 5/10
  4022 | D:4      | Found Hyohotyurph's Gadget Emporium.
  4076 | D:4      | Found a blossoming altar of Fedhas.
  4606 | D:4      | Reached skill level 1 in Fighting
  4905 | D:4      | Found a staircase to the Ecumenical Temple.
  4915 | Temple   | Entered the Ecumenical Temple
  5184 | D:4      | Found a sparkling altar of Nemelex Xobeh.
  5498 | D:5      | Entered Level 5 of the Dungeon
  5723 | D:5      | Reached XP level 7. HP: 43/43 MP: 7/12
  6002 | D:5      | Found Vefforom's Weapon Boutique.
  6071 | D:5      | HP: 2/43 [poisoned by an adder]
  6450 | D:5      | Found Fyalim's Serpentskin Sales.
  6460 | D:5      | Reached XP level 8. HP: 31/49 MP: 3/14
  6751 | D:5      | Found an opulent altar of Gozag.
  6751 | D:5      | Found a snail-covered altar of Cheibriados.
  6751 | D:5      | Found a radiant altar of Vehumet.
  6758 | D:5      | Became a worshipper of Vehumet
  7018 | D:5      | Found a stormy altar of Qazlal.
  7896 | D:6      | Found a shattered altar of Ashenzari.
  8020 | D:6      | Got a faintly humming shield
  8052 | D:6      | Identified the +4 shield of the Barber Surgeon {Dex+4} (You
                  | found it on level 6 of the Dungeon)
  8245 | D:6      | Reached skill level 5 in Fire Magic
  8260 | D:6      | Reached * piety under Vehumet
  8260 | D:6      | Offered knowledge of Shock by Vehumet.
  8308 | D:6      | Learned a level 1 spell: Shock
  8330 | D:6      | Noticed Grinder
  8343 | D:6      | Paralysed by Grinder for 3 turns
  8356 | D:7      | Noticed Duvessa
  8565 | D:6      | Reached skill level 5 in Stealth
  8640 | D:6      | Paralysed by Grinder for 4 turns
  8652 | D:6      | Paralysed by Grinder for 4 turns
  8658 | D:6      | Killed Grinder
  8658 | D:6      | Reached XP level 9. HP: 41/55 MP: 9/15
  9412 | D:7      | Noticed Dowan
  9429 | D:7      | Found a shattered altar of Ashenzari.
  9569 | D:7      | Killed Duvessa
  9569 | D:7      | Reached skill level 5 in Shields
  9768 | D:7      | Killed Dowan
 10212 | D:8      | Reached skill level 5 in Spellcasting
 10356 | D:8      | Found a deep blue altar of Sif Muna.
 10395 | D:8      | Reached ** piety under Vehumet
 10402 | D:8      | Noticed a two-headed ogre
 10439 | D:8      | Killed a two-headed ogre
 10439 | D:8      | Offered knowledge of Throw Frost by Vehumet.
 10439 | D:8      | Reached XP level 10. HP: 34/63 MP: 8/18
 10752 | D:7      | Reached skill level 5 in Conjurations
 11127 | D:5      | Bought an uncursed ring of poison resistance for 260 gold
                  | pieces
 11381 | D:8      | Noticed a centaur warrior
 11395 | D:8      | Shot with an arrow by a centaur warrior

Skill      XL: |  1  2  3  4  5  6  7  8  9 10 |
---------------+-------------------------------+-----
Stealth        | 3 4 5 |  5.7
Conjurations   | 2 3 4 5 |  5.0
Spellcasting   | 3 4 5 |  5.9
Fire Magic     | 4 5 6 |  6.1
Maces & Flails | 1 2 3 4 |  4.8
Shields        | 1 3 4 6 |  6.4
Fighting       | 1 2 3 |  3.4
Dodging        | 3 4 |  4.6
Short Blades   | |  0.4
Axes           | |  0.5
Air Magic      | |  0.7
Evocations     | |  0.1

Action                   |  1- 3 |  4- 6 |  7- 9 | 10-12 || total
-------------------------+-------+-------+-------+-------++-------
Melee: Whip              |    22 |    50 |       |       ||    72
       Constrict         |     6 |    23 |    46 |     5 ||    80
       Tentacles         |     5 |    14 |    44 |     9 ||    72
       Flail             |       |    28 |   166 |    31 ||   225
       Dagger            |       |       |    12 |       ||    12
       Hand axe          |       |       |     2 |       ||     2
 Cast: Flame Tongue      |    42 |    75 |    95 |    16 ||   228
       Throw Flame       |     5 |    15 |    48 |     6 ||    74
       Shock             |       |       |     8 |       ||     8
       Sticky Flame      |       |       |     1 |     2 ||     3
Evoke: Wand              |       |       |     2 |     5 ||     7
  Use: Potion            |       |       |     3 |     1 ||     4
       Scroll            |       |       |       |     6 ||     6
 Stab: Sleeping          |       |     2 |     4 |       ||     6
       Paralysed         |       |       |     7 |       ||     7
  Eat: Chunk             |     3 |    13 |    16 |     4 ||    36
Armor: Skin              |     1 |    10 |     4 |     1 ||    16
Dodge: Dodged            |    25 |    61 |   132 |    34 ||   252
Block: Shield            |       |    38 |   152 |    47 ||   237
       Reflection        |       |     1 |     3 |       ||     4
